 Seeded DCSS version 0.30-a0-368-g86fb4627a9 (webtiles) character file.

Game seed: 4866231847754521613 (custom seed)

50 purpskrrrp the Sneak (level 3, -2/19 HPs)
             Began as a Spriggan Monk on Nov 18, 2022.
             Slain by an iguana (12 damage)
             ... on level 2 of the Dungeon.
             The game lasted 00:02:34 (1063 turns).

purpskrrrp the Sneak (Spriggan Monk)                Turns: 1063, Time: 00:02:34

Health: -2/19      AC:  2    Str: 13    XL:     3   Next: 55%
Magic:  4/4        EV: 19    Int: 19    God:
Gold:   59         SH:  0    Dex: 19    Spells: 2/2 levels left

rFire   . . .      SeeInvis +    a - +0 short sword
rCold   . . .      Faith    .    (no shield)
rNeg    . . .      Spirit   .    b - +0 robe
rPois   .          Reflect  .    (helmet restricted)
rElec   .          Harm     .    (no cloak)
rCorr   .          Rampage  .    (gloves unavailable)
Will    .....                    (boots unavailable)
Stlth   ++++......               (no amulet)
HPRegen 0.23/turn                k - ring "Buvar" {+Blink Will- Str+6 Int+8 Slay-3}
MPRegen 0.09/turn                (no ring)

@: very quick
A: very small, no large weapons, unfitting armour, see invisible, speed 3
a: Evoke Blink


You were on level 2 of the Dungeon.
You visited 1 branch of the dungeon, and saw 2 of its levels.

You collected 59 gold pieces.

Inventory:

Hand Weapons
 a - a +0 short sword (weapon)
Armour
 b - a +0 robe (worn)
Jewellery
 j - a ring of ice
 k - the ring "Buvar" (left hand) {+Blink Will- Str+6 Int+8 Slay-3}
   (You acquired it on level 1 of the Dungeon)

   [ring of strength]

   Str:       It affects your strength (+6).
   Int:       It affects your intelligence (+8).
   Slay:      It affects your accuracy & damage with ranged weapons and melee
   (-3).
   +Blink:    It lets you blink.
   Will:      It decreases your willpower.
Scrolls
 f - a scroll of enchant armour {unknown}
 g - 3 scrolls of teleportation {unknown}
 h - 2 scrolls of identify {unknown}
 i - 2 scrolls of magic mapping {unknown}
Potions
 c - a potion of ambrosia
 d - 3 potions of mutation {unknown}
 e - a potion of degeneration {unknown}
 l - a potion of lignification {unknown}


   Skills:
 - Level 2.4 Fighting
 - Level 3.2 Short Blades
 - Level 4.0 Dodging
 + Level 6.3 Stealth


You had 2 spell levels left.
You didn't know any spells.
Your spell library was empty.

Dungeon Overview and Level Annotations

Branches:
Dungeon (2/15)

Altars:


Innate Abilities, Weirdness & Mutations

You are very small and have problems with some larger weapons.
You are too small for most types of armour.
You have supernaturally acute eyesight. (SInv)
You cover ground extremely quickly. (Speed+++)


Message History

You are too injured to fight recklessly!
You are too injured to fight recklessly!
You are too injured to fight recklessly!
You are too injured to fight recklessly!
You are too injured to fight recklessly!
You are too injured to fight recklessly!
You are too injured to fight recklessly!
You are too injured to fight recklessly!
You are too injured to fight recklessly!
You are too injured to fight recklessly!
You are too injured to fight recklessly!
You are too injured to fight recklessly!
You are too injured to fight recklessly!
You are too injured to fight recklessly!
You are too injured to fight recklessly!
You are too injured to fight recklessly!
You are too injured to fight recklessly!
You are too injured to fight recklessly!
You hit the iguana.
The iguana is moderately wounded.
You barely miss the iguana.
The iguana is moderately wounded.
The iguana closely misses you.
You hit the iguana. Your punch misses the iguana.
The iguana is heavily wounded.
The iguana completely misses you.
You hit the iguana.
The iguana is heavily wounded.
The iguana completely misses you.
You hit the iguana but do no damage.
The iguana is heavily wounded.
The iguana closely misses you.
You barely miss the iguana.
The iguana is heavily wounded.
The iguana misses you.
You hit the iguana but do no damage.
The iguana is heavily wounded.
The iguana bites you!
Ouch! That really hurt!
You die...

#.#
#.#####<..
#.# #.# #...
#.# #.# ####
#.# #.#
#####.###.###
#...........#
#.###.###.#.#
#.# #.# #.#.#
#@# #.# #.#.#
#l# #.# #.#.#
#$# #.# #.#.#
#.# #.# #.#.#
#.# #.# #.#.#
#.# #.# #..
###


You could see an iguana.

Vanquished Creatures
  An adder (D:2)
  2 dart slugs (D:1)
  3 endoplasms (D:1)
  4 goblins
  2 hobgoblins (D:1)
  4 jackals (D:1)
  3 kobolds (D:1)
  A quokka (D:1)
  2 ball pythons (D:1)
  7 bats
  A frilled lizard (D:1)
  5 rats
35 creatures vanquished.

Notes
Turn   | Place    | Note
-------+----------+-------------------------------------------
     0 | D:1      | purpskrrrp the Spriggan Monk began the quest for the Orb.
     0 | D:1      | Reached XP level 1. HP: 11/11 MP: 2/2
   171 | D:1      | Reached skill level 4 in Stealth
   236 | D:1      | Reached XP level 2. HP: 15/16 MP: 3/3
   477 | D:1      | Reached skill level 5 in Stealth
   646 | D:1      | Reached XP level 3. HP: 19/19 MP: 4/4
   950 | D:1      | Identified a scroll of acquirement
   950 | D:1      | Acquired the ring "Buvar" {+Blink Will- Str+6 Int+8 Slay-3}
  1003 | D:2      | Reached skill level 6 in Stealth
  1063 | D:2      | Slain by an iguana

Illustrated notes

Levels and vault maps discovered:
D:1:      dpeg_arrival_arbitrary_c, layout_basic
D:2:      layout_loops_ring, kennysheep_minor_cross

Skill      XL: |  1  2  3 |
---------------+----------+-----
Stealth        | 4 5 6 |  6.3
Fighting       | |  2.4
Short Blades   | |  3.2
Dodging        | |  4.0

Action                   || total
-------------------------++-------
Melee: Short sword       ||   171
       Punch             ||     3
  Use: Scroll            ||     1
 Stab: Sleeping          ||     8
       Distracted        ||     2
Armor: Robe              ||    30
Dodge: Dodged            ||   176

Table legend: (Time is in decaauts)
 A = Elapsed time spent in this place.
 B = Non-inter-level travel time spent in this place.
 C = Inter-level travel time spent in this place.
 D = Time resting spent in this place.
 E = Time spent auto-exploring this place.
 F = Levels seen in this place.
 G = Mean time per level.
                   A        B        C        D        E       F      G
               +--------+--------+--------+--------+--------+-----+--------+
         Total |    736 |    716 |     20 |     34 |    408 |   2 |  368.0 |
       Dungeon |    736 |    716 |     20 |     34 |    408 |   2 |  368.0 |
               +--------+--------+--------+--------+--------+-----+--------+

Top non-repeatable levels by time:
     D:1: 675 daAuts
     D:2: 61 daAuts
